General information
			
			
        
        - name: BNet
 
        - type: Ladder team game (AT/RT)
 
        - host: Battle.net
 
        - saver: WilliamHnutsack
 
        
map: Highperch 
        - players: 6
 
        - length: 70:57
 
        - speed: Fast
 - version: 1.22 W3XP
 - replay type:  Public
 
» download(297 KB)
Players
        team 1 (winner) 
              
              
holy_cresent (
green | 19 APM | 1120 actions | 59:42)
              
 3 Death Knight 
 2 Death Coil
 1 Unholy Aura
 
                » actions 
                
                | Assign group hotkey | 38 |  | 
| Basic commands | 84 |  | 
| Build / train | 54 |  | 
| Enter build submenu | 17 |  | 
| Enter hero's abilities submenu | 3 |  | 
| Remove unit from queue | 2 |  | 
| Right click | 367 |  | 
| Select / deselect | 493 |  | 
| Select group hotkey | 32 |  | 
| Use ability | 30 |  | 
                1120 total
 » units 
                
                | Acolyte | 10 |  | 
| Ghoul | 5 |  | 
| Crypt Fiend | 25 |  | 
| Frost Wyrm | 1 |  | 
                41 total
 » upgrades
                
                | Creature Carapace | 1 |  | 
| Web | 1 |  | 
| Burrow | 1 |  | 
| Creature Attack | 2 |  | 
                5 total
 » buildings
                
                | Graveyard | 1 |  | 
| Ziggurat | 6 |  | 
| Crypt | 2 |  | 
| Altar of Darkness | 1 |  | 
| Halls of the Dead | 1 |  | 
| Black Citadel | 1 |  | 
| Sacrificial Pit | 1 |  | 
| Necropolis | 1 |  | 
| Boneyard | 1 |  | 
                15 total
 » build order
                00:08 Graveyard
00:11 Ziggurat
00:20 Crypt
01:10 Altar of Darkness
01:43 Ziggurat
02:33 Crypt
03:25 Ziggurat
05:22 Halls of the Dead
06:04 Ziggurat
10:02 Black Citadel
10:08 Sacrificial Pit
13:56 Necropolis
14:21 Ziggurat
14:26 Ziggurat
15:46 Boneyard
 
               
              
              
WilliamHnutsack (
yellow | 27 APM | 1915 actions | 70:57)
              
 4 Blood Mage 
 2 Flame Strike
 2 Siphon Mana
 3 Goblin Tinker 
 1 Pocket Factory
 2 Engineering Upgrade
 
                » actions 
                
                | Basic commands | 104 |  | 
| Build / train | 162 |  | 
| Enter build submenu | 53 |  | 
| Enter hero's abilities submenu | 7 |  | 
| Give item / drop item | 7 |  | 
| Remove unit from queue | 1 |  | 
| Right click | 680 |  | 
| Select / deselect | 658 |  | 
| Use ability | 243 |  | 
                1915 total
 » units 
                
                | Peasant | 17 |  | 
| Sorceress | 2 |  | 
| Priest | 2 |  | 
| Dragonhawk Rider | 21 |  | 
                42 total
 » upgrades
                
                | Masonry | 3 |  | 
| Lumber Harvesting | 2 |  | 
| Cloud | 1 |  | 
| Magic Sentry | 1 |  | 
| Sorceress Training | 2 |  | 
| Priest Training | 2 |  | 
| Swords | 3 |  | 
| Armor | 3 |  | 
| Animal War Training | 1 |  | 
                18 total
 » buildings
                
                | Altar of Kings | 1 |  | 
| Farm | 15 |  | 
| Lumber Mill | 2 |  | 
| Scout Tower | 89 |  | 
| Guard Tower | 70 |  | 
| Keep | 2 |  | 
| Arcane Vault | 2 |  | 
| Castle | 1 |  | 
| Town Hall | 2 |  | 
| Gryphon Aviary | 2 |  | 
| Arcane Sanctum | 1 |  | 
| Barracks | 1 |  | 
| Blacksmith | 1 |  | 
| Arcane Tower | 9 |  | 
                198 total
 » build order
                00:05 Altar of Kings
00:08 Farm
00:14 Lumber Mill
00:41 Scout Tower
01:11 Farm
01:13 Scout Tower
01:51 Guard Tower
02:15 Guard Tower
04:20 Keep
04:41 Scout Tower
04:45 Scout Tower
04:48 Scout Tower
05:11 Guard Tower
05:11 Guard Tower
05:13 Guard Tower
05:16 Scout Tower
05:17 Scout Tower
05:17 Scout Tower
05:28 Guard Tower
05:45 Guard Tower
05:48 Arcane Vault
05:52 Scout Tower
05:54 Scout Tower
05:55 Scout Tower
05:55 Scout Tower
05:56 Scout Tower
05:56 Scout Tower
06:06 Guard Tower
06:10 Lumber Mill
06:14 Farm
06:19 Farm
06:24 Farm
06:30 Guard Tower
06:31 Guard Tower
06:56 Guard Tower
06:57 Guard Tower
07:00 Castle
07:21 Guard Tower
07:24 Guard Tower
09:40 Town Hall
09:42 Scout Tower
09:43 Scout Tower
09:43 Scout Tower
09:45 Scout Tower
09:45 Scout Tower
09:47 Scout Tower
10:06 Scout Tower
10:07 Scout Tower
10:08 Scout Tower
10:13 Guard Tower
10:36 Gryphon Aviary
10:39 Guard Tower
10:39 Guard Tower
10:40 Guard Tower
10:43 Guard Tower
10:43 Guard Tower
10:43 Guard Tower
11:02 Guard Tower
11:02 Guard Tower
11:05 Guard Tower
11:06 Guard Tower
11:15 Guard Tower
11:16 Guard Tower
11:43 Arcane Sanctum
11:51 Guard Tower
14:29 Barracks
14:31 Blacksmith
18:28 Scout Tower
18:28 Scout Tower
18:29 Scout Tower
18:31 Scout Tower
18:32 Scout Tower
18:34 Scout Tower
18:34 Scout Tower
18:38 Scout Tower
18:39 Scout Tower
18:45 Scout Tower
18:46 Scout Tower
18:47 Scout Tower
18:47 Scout Tower
18:49 Scout Tower
18:50 Scout Tower
19:09 Gryphon Aviary
19:15 Guard Tower
19:37 Guard Tower
19:37 Guard Tower
19:42 Guard Tower
20:11 Guard Tower
20:11 Guard Tower
20:11 Guard Tower
20:16 Guard Tower
20:16 Guard Tower
20:53 Scout Tower
20:54 Scout Tower
20:54 Scout Tower
20:55 Scout Tower
20:57 Scout Tower
20:58 Scout Tower
21:04 Guard Tower
21:20 Scout Tower
21:21 Scout Tower
21:22 Scout Tower
21:23 Scout Tower
21:23 Scout Tower
21:24 Scout Tower
21:25 Scout Tower
21:26 Scout Tower
21:40 Guard Tower
22:43 Town Hall
22:56 Guard Tower
23:25 Guard Tower
23:25 Guard Tower
24:37 Arcane Vault
25:58 Scout Tower
26:00 Scout Tower
26:01 Scout Tower
26:02 Scout Tower
26:03 Scout Tower
26:03 Scout Tower
26:45 Guard Tower
26:46 Guard Tower
26:53 Scout Tower
26:54 Scout Tower
26:55 Scout Tower
26:56 Scout Tower
26:56 Scout Tower
26:58 Scout Tower
27:02 Guard Tower
27:25 Guard Tower
27:37 Guard Tower
27:37 Guard Tower
27:53 Guard Tower
27:55 Guard Tower
28:03 Scout Tower
28:04 Scout Tower
28:05 Scout Tower
28:06 Scout Tower
28:07 Scout Tower
28:08 Scout Tower
28:35 Scout Tower
28:39 Guard Tower
28:39 Guard Tower
28:47 Scout Tower
28:49 Scout Tower
28:50 Scout Tower
28:50 Scout Tower
28:51 Scout Tower
28:52 Scout Tower
29:05 Farm
29:08 Farm
29:13 Farm
29:21 Guard Tower
29:39 Guard Tower
29:39 Guard Tower
29:51 Guard Tower
31:54 Keep
32:42 Farm
33:24 Farm
35:12 Farm
35:59 Farm
36:08 Scout Tower
36:23 Scout Tower
36:50 Arcane Tower
51:53 Farm
52:01 Farm
52:04 Farm
53:31 Scout Tower
54:13 Arcane Tower
61:02 Scout Tower
61:10 Scout Tower
61:13 Scout Tower
62:44 Arcane Tower
62:44 Arcane Tower
62:50 Scout Tower
62:52 Scout Tower
63:26 Arcane Tower
63:32 Scout Tower
63:34 Scout Tower
63:36 Scout Tower
63:37 Scout Tower
64:08 Arcane Tower
64:13 Arcane Tower
68:32 Arcane Tower
» items
                
                | Staff of Teleportation | 2 |  | 
| Boots of Speed | 1 |  | 
| Tiny Great Hall | 3 |  | 
| Orb of Lightning | 1 |  | 
| Orb of Fire | 1 |  | 
| Scroll of Town Portal | 2 |  | 
                10 total
  
               
              
              
kitvr6 (
blue | 18 APM | 1245 actions | 70:56)
              
 3 Shadow Hunter 
 2 Healing Wave
 1 Serpent Ward
 
                » actions 
                
                | Assign group hotkey | 14 |  | 
| Basic commands | 27 |  | 
| Build / train | 61 |  | 
| Enter build submenu | 13 |  | 
| Enter hero's abilities submenu | 3 |  | 
| Right click | 660 |  | 
| Select / deselect | 340 |  | 
| Select group hotkey | 82 |  | 
| Use ability | 45 |  | 
                1245 total
 » units 
                
                | Peon | 5 |  | 
| Grunt | 14 |  | 
| Tauren | 11 |  | 
| Wind Rider | 7 |  | 
                37 total
 » upgrades
                
                | Armor | 4 |  | 
| Melee Weapons | 3 |  | 
| Berserker Strength | 1 |  | 
| Pulverize | 1 |  | 
| Ranged Weapons | 1 |  | 
| Envenomed Spears | 1 |  | 
                11 total
 » buildings
                
                | Altar of Storms | 1 |  | 
| Orc Burrow | 7 |  | 
| Barracks | 1 |  | 
| War Mill | 1 |  | 
| Stronghold | 1 |  | 
| Fortress | 1 |  | 
| Voodoo Lounge | 1 |  | 
| Tauren Totem | 1 |  | 
| Beastiary | 1 |  | 
                15 total
 » build order
                00:07 Altar of Storms
00:12 Orc Burrow
00:56 Barracks
01:27 War Mill
01:53 Orc Burrow
02:37 Orc Burrow
04:04 Stronghold
08:56 Fortress
09:08 Voodoo Lounge
09:38 Orc Burrow
11:32 Tauren Totem
11:54 Orc Burrow
19:31 Beastiary
22:52 Orc Burrow
22:58 Orc Burrow
» items
                
                | Lesser Clarity Potion | 1 |  | 
| Healing Salve | 1 |  | 
| Potion of Mana | 3 |  | 
| Scroll of Town Portal | 2 |  | 
                7 total
  
               team 2 (loser) 
              
              
» 
TUG_Wolfie (
orange | 52 APM | 2640 actions | 50:52)
              
 5 Blademaster 
 3 Wind Walk
 2 Critical Strike
 5 Shadow Hunter 
 3 Healing Wave
 2 Hex
 4 Tauren Chieftain 
 2 Endurance Aura
 2 War Stomp
 
                » actions 
                
                | Assign group hotkey | 92 |  | 
| Basic commands | 489 |  | 
| Build / train | 127 |  | 
| ESC pressed | 3 |  | 
| Enter build submenu | 32 |  | 
| Enter hero's abilities submenu | 14 |  | 
| Right click | 462 |  | 
| Select / deselect | 546 |  | 
| Select group hotkey | 705 |  | 
| Use ability | 170 |  | 
                2640 total
 » units 
                
                | Peon | 34 |  | 
| Grunt | 11 |  | 
| Troll Witch Doctor | 7 |  | 
| Tauren | 7 |  | 
| Demolisher | 7 |  | 
| Troll Batrider | 6 |  | 
| Wind Rider | 12 |  | 
| Raider | 1 |  | 
                85 total
 » upgrades
                
                | Berserker Strength | 1 |  | 
| Pillage | 1 |  | 
| Melee Weapons | 3 |  | 
| Witch Doctor Training | 2 |  | 
| Armor | 3 |  | 
| Spiked Barricades | 2 |  | 
| Pulverize | 1 |  | 
| Reinforced Defenses | 1 |  | 
| Burning Oil | 1 |  | 
| Ranged Weapons | 3 |  | 
| Envenomed Spears | 1 |  | 
| Liquid Fire | 1 |  | 
                20 total
 » buildings
                
                | Orc Burrow | 8 |  | 
| Altar of Storms | 1 |  | 
| Barracks | 2 |  | 
| Stronghold | 1 |  | 
| Voodoo Lounge | 2 |  | 
| War Mill | 1 |  | 
| Spirit Lodge | 1 |  | 
| Watch Tower | 9 |  | 
| Fortress | 1 |  | 
| Tauren Totem | 1 |  | 
| Great Hall | 4 |  | 
| Beastiary | 2 |  | 
                33 total
 » build order
                00:12 Orc Burrow
00:15 Altar of Storms
01:16 Barracks
01:33 Orc Burrow
02:23 Orc Burrow
03:22 Stronghold
03:35 Voodoo Lounge
03:44 Voodoo Lounge
03:59 War Mill
05:52 Spirit Lodge
07:04 Watch Tower
07:07 Watch Tower
07:54 Fortress
10:27 Orc Burrow
10:31 Tauren Totem
11:06 Orc Burrow
13:11 Great Hall
17:58 Orc Burrow
20:32 Barracks
20:35 Orc Burrow
20:35 Orc Burrow
22:52 Great Hall
23:03 Watch Tower
23:04 Watch Tower
32:32 Watch Tower
33:49 Watch Tower
33:52 Watch Tower
35:15 Beastiary
35:24 Watch Tower
35:25 Watch Tower
36:58 Great Hall
37:11 Great Hall
43:02 Beastiary
» items
                
                | Healing Salve | 1 |  | 
| Scroll of Speed | 1 |  | 
| Orb of Lightning | 1 |  | 
                3 total
  
               
              
              
» 
channelc0ckcove (
red | 62 APM | 4376 actions | 70:56)
              
 4 Blood Mage 
 2 Flame Strike
 1 Siphon Mana
 1 Banish
 5 Goblin Tinker 
 1 Cluster Rockets
 3 Engineering Upgrade
 1 Pocket Factory
 2 Far Seer 
 1 Earth Quake
 1 Feral Spirit
 
                » actions 
                
                | Assign group hotkey | 31 |  | 
| Basic commands | 275 |  | 
| Build / train | 202 |  | 
| ESC pressed | 25 |  | 
| Enter build submenu | 61 |  | 
| Enter hero's abilities submenu | 11 |  | 
| Give item / drop item | 31 |  | 
| Remove unit from queue | 1 |  | 
| Right click | 1389 |  | 
| Select / deselect | 712 |  | 
| Select group hotkey | 1333 |  | 
| Use ability | 305 |  | 
                4376 total
 » units 
                
                | Peasant | 22 |  | 
| Priest | 2 |  | 
| Sorceress | 2 |  | 
| Dragonhawk Rider | 21 |  | 
| Troll Batrider | 30 |  | 
| Gryphon Rider | 16 |  | 
| Wind Rider | 7 |  | 
                100 total
 » upgrades
                
                | Masonry | 3 |  | 
| Lumber Harvesting | 2 |  | 
| Sorceress Training | 2 |  | 
| Magic Sentry | 1 |  | 
| Priest Training | 2 |  | 
| Animal War Training | 1 |  | 
| Armor | 3 |  | 
| Storm Hammers | 1 |  | 
| Swords | 3 |  | 
| Backpack | 1 |  | 
| Cloud | 1 |  | 
| Barrage | 1 |  | 
| Fragmentation Shards | 1 |  | 
| Flare | 1 |  | 
| Flying Machine Bombs | 1 |  | 
| Flak Cannons | 1 |  | 
| Gunpowder | 3 |  | 
| Plating | 3 |  | 
| Long Rifles | 1 |  | 
| Defend | 1 |  | 
| Control Magic | 1 |  | 
                34 total
 » buildings
                
                | Farm | 19 |  | 
| Altar of Kings | 1 |  | 
| Lumber Mill | 1 |  | 
| Scout Tower | 46 |  | 
| Guard Tower | 18 |  | 
| Keep | 3 |  | 
| Castle | 2 |  | 
| Arcane Tower | 2 |  | 
| Gryphon Aviary | 3 |  | 
| Barracks | 2 |  | 
| Arcane Sanctum | 1 |  | 
| Blacksmith | 1 |  | 
| Arcane Vault | 1 |  | 
| Workshop | 3 |  | 
| Cannon Tower | 1 |  | 
                104 total
 » build order
                00:34 Farm
00:37 Altar of Kings
01:04 Lumber Mill
01:09 Farm
01:39 Scout Tower
02:09 Scout Tower
02:11 Guard Tower
02:36 Scout Tower
02:37 Guard Tower
03:05 Scout Tower
03:08 Farm
03:11 Guard Tower
03:18 Scout Tower
03:19 Scout Tower
03:40 Guard Tower
03:40 Guard Tower
03:41 Scout Tower
03:42 Scout Tower
03:46 Guard Tower
03:59 Keep
03:59 Keep
04:18 Scout Tower
04:19 Scout Tower
04:20 Guard Tower
04:21 Guard Tower
05:15 Guard Tower
05:25 Scout Tower
05:27 Scout Tower
06:00 Scout Tower
06:00 Scout Tower
06:01 Scout Tower
06:02 Scout Tower
06:27 Castle
06:59 Arcane Tower
07:01 Scout Tower
07:02 Scout Tower
07:02 Scout Tower
07:05 Scout Tower
07:06 Scout Tower
07:25 Gryphon Aviary
07:27 Barracks
09:04 Arcane Sanctum
09:06 Barracks
09:08 Blacksmith
09:29 Arcane Tower
09:43 Guard Tower
13:40 Arcane Vault
14:48 Scout Tower
14:48 Scout Tower
14:49 Scout Tower
14:50 Scout Tower
14:50 Scout Tower
15:29 Guard Tower
15:29 Guard Tower
15:31 Scout Tower
15:31 Scout Tower
15:32 Scout Tower
15:32 Scout Tower
15:33 Scout Tower
16:04 Guard Tower
16:11 Scout Tower
16:12 Scout Tower
16:14 Guard Tower
16:19 Workshop
16:21 Workshop
16:23 Scout Tower
16:24 Scout Tower
16:33 Workshop
16:35 Scout Tower
19:07 Guard Tower
19:09 Scout Tower
19:10 Scout Tower
19:35 Scout Tower
19:36 Scout Tower
19:37 Scout Tower
19:37 Scout Tower
19:38 Scout Tower
19:38 Scout Tower
19:39 Scout Tower
19:39 Scout Tower
19:40 Cannon Tower
24:12 Guard Tower
24:12 Guard Tower
56:32 Farm
57:02 Farm
57:03 Farm
57:05 Gryphon Aviary
57:07 Farm
57:11 Farm
57:12 Farm
57:13 Farm
57:16 Farm
57:16 Farm
57:19 Farm
58:20 Gryphon Aviary
58:24 Farm
58:24 Farm
58:26 Farm
58:27 Farm
59:54 Farm
59:56 Farm
» items
                
                | Boots of Speed | 4 |  | 
| Staff of Teleportation | 4 |  | 
| Circlet of Nobility | 2 |  | 
| Lesser Clarity Potion | 2 |  | 
| Healing Salve | 1 |  | 
| Orb of Lightning | 4 |  | 
| Tiny Great Hall | 2 |  | 
| Staff of Sanctuary | 2 |  | 
| Tome of Retraining | 1 |  | 
                22 total
  
               
              
              
Fo0 (
pink | 41 APM | 2316 actions | 56:17)
              
 6 Far Seer 
 3 Feral Spirit
 2 Chain Lighting
 1 Far Sight
 
                » actions 
                
                | Assign group hotkey | 25 |  | 
| Basic commands | 129 |  | 
| Build / train | 80 |  | 
| ESC pressed | 7 |  | 
| Enter build submenu | 38 |  | 
| Enter hero's abilities submenu | 6 |  | 
| Give item / drop item | 1 |  | 
| Remove unit from queue | 1 |  | 
| Right click | 1148 |  | 
| Select / deselect | 680 |  | 
| Select group hotkey | 123 |  | 
| Use ability | 77 |  | 
                2316 total
 » units 
                
                | Peon | 10 |  | 
| Grunt | 5 |  | 
| Shaman | 16 |  | 
| Tauren | 7 |  | 
| Demolisher | 3 |  | 
| Spirit Walker | 1 |  | 
| Troll Batrider | 10 |  | 
                52 total
 » upgrades
                
                | Shaman Training | 2 |  | 
| Melee Weapons | 2 |  | 
| Pulverize | 1 |  | 
| Spirit Walker Training | 2 |  | 
| Burning Oil | 1 |  | 
                8 total
 » buildings
                
                | Altar of Storms | 1 |  | 
| Barracks | 2 |  | 
| Orc Burrow | 15 |  | 
| War Mill | 1 |  | 
| Stronghold | 1 |  | 
| Voodoo Lounge | 2 |  | 
| Spirit Lodge | 3 |  | 
| Fortress | 1 |  | 
| Tauren Totem | 1 |  | 
| Great Hall | 2 |  | 
| Beastiary | 2 |  | 
                31 total
 » build order
                00:05 Altar of Storms
00:08 Barracks
00:16 Barracks
00:50 Orc Burrow
01:46 Orc Burrow
02:50 War Mill
03:54 Stronghold
05:14 Voodoo Lounge
05:27 Orc Burrow
07:37 Spirit Lodge
08:55 Orc Burrow
09:37 Spirit Lodge
10:03 Fortress
10:09 Orc Burrow
10:26 Spirit Lodge
10:47 Orc Burrow
11:48 Orc Burrow
12:32 Tauren Totem
16:23 Orc Burrow
20:28 Orc Burrow
27:02 Great Hall
29:28 Great Hall
36:01 Beastiary
36:04 Beastiary
36:56 Orc Burrow
38:04 Voodoo Lounge
38:08 Orc Burrow
38:12 Orc Burrow
38:15 Orc Burrow
40:24 Orc Burrow
55:23 Orc Burrow
» items
                
                | Healing Salve | 1 |  | 
| Scroll of Protection | 1 |  | 
| Tome of Retraining | 1 |  | 
| Boots of Speed | 1 |  | 
                4 total
  
                Chat log
          (00:25 / Allies) holy_cresent: rush
(00:28 / Allies) holy_cresent: double rax
(00:55 / Allies) holy_cresent: this map must rush or we r dead
(01:56 / All) channelc0ckcove: cum to the cock cove
(02:06 / All) channelc0ckcove: for dota rt trivia and more
(02:11 / All) WilliamHnutsack: the cock cave
(02:16 / All) channelc0ckcove: no
(02:16 / All) TUG_Wolfie: ??
(02:18 / All) channelc0ckcove: the cock cove
(02:23 / Allies) WilliamHnutsack: the geo metro?
(02:40 / Allies) WilliamHnutsack: chnle cockcove?
(02:45 / Allies) WilliamHnutsack: c0ckcove
(03:04 / Allies) holy_cresent: eh get 6 units rush
(03:16 / Allies) holy_cresent: meet
(04:03 / Allies) WilliamHnutsack: blue build a shop
(04:05 / Allies) WilliamHnutsack: for me plz
(04:10 / Allies) WilliamHnutsack: i like lighting orbz
(04:21 / All) channelc0ckcove: kk
(04:45 / All) channelc0ckcove: u shouldnt attack so early
(04:48 / All) channelc0ckcove: get more units
(04:51 / All) channelc0ckcove: like 6 or so
(04:53 / All) WilliamHnutsack: dats what i sed'
(05:01 / All) WilliamHnutsack: dey dun listen to ratrion points of view
(05:08 / All) channelc0ckcove: ehre i help 
(05:12 / Allies) holy_cresent: told u all must rush
(05:25 / All) WilliamHnutsack: no green rush too soon pre mature peter
(06:26 / Allies) holy_cresent: yellow only got 1 unit
(06:36 / Allies) WilliamHnutsack: all i need is 1
(06:37 / Allies) WilliamHnutsack: 1 mic
(06:39 / Allies) WilliamHnutsack: 1 mind
(06:41 / Allies) WilliamHnutsack: one god
(07:05 / Allies) WilliamHnutsack: blue geta shop
(07:06 / Allies) WilliamHnutsack: for me 
(07:08 / Allies) WilliamHnutsack: pleas
(07:10 / Allies) WilliamHnutsack: buddy
(07:34 / Allies) WilliamHnutsack: vooddoo lounge
(07:35 / Allies) WilliamHnutsack: please
(07:36 / Allies) WilliamHnutsack: blue
(09:10 / Allies) holy_cresent: lose le
(09:17 / All) channelc0ckcove: close call
(09:19 / All) channelc0ckcove: at the cock cave
(10:42 / Allies) kitvr6: shop
(10:48 / Allies) WilliamHnutsack: ty
(12:48 / All) channelc0ckcove: lol..noob
(13:34 / Allies) holy_cresent: its up to u all le i guess...
(16:50 / Allies) holy_cresent: gg
(18:39 / Allies) holy_cresent: gg
(18:43 / Allies) holy_cresent: up to u guys le
(19:48 / Allies) kitvr6: wat is yelloe doing
(19:56 / Allies) holy_cresent: he i dunno
(19:59 / Allies) WilliamHnutsack: gimmie your wood
(20:00 / Allies) holy_cresent: a massive tech guy
(20:01 / Allies) WilliamHnutsack: amnd gold
(20:01 / All) channelc0ckcove: kkk
(20:18 / Allies) holy_cresent: he hid inside so ppl cannnot att his that base
(20:35 / Allies) holy_cresent: see mass towers
(20:36 / Allies) WilliamHnutsack: lumber pleas
(20:39 / Allies) WilliamHnutsack: i need lumber
(20:42 / Allies) holy_cresent: then mass units at
(20:52 / Allies) holy_cresent: i pass all to blue
(21:14 / All) channelc0ckcove: kk
(21:55 / All) TUG_Wolfie: send taurns 1st
(22:35 / Allies) holy_cresent: lol
(22:44 / Allies) holy_cresent: yeloow method is...
(22:49 / Allies) holy_cresent: first time seeing
(23:04 / Allies) holy_cresent: should tell me earlier i do necros n aboms le
(25:24 / Allies) WilliamHnutsack: yo blue
(25:25 / Allies) WilliamHnutsack: buya tp
(25:28 / Allies) WilliamHnutsack: and tp to me
(25:51 / Allies) holy_cresent: what kind of strategy is this?
(26:09 / Allies) kitvr6: give me 100
(26:10 / Allies) WilliamHnutsack: welcome to highperch
(31:19 / Allies) WilliamHnutsack: dont hurt rd blue
(31:22 / Allies) WilliamHnutsack: hes our double agent
(31:24 / Allies) WilliamHnutsack: shhh
(31:30 / Allies) WilliamHnutsack: red
(31:41 / All) WilliamHnutsack: OH NOES
(31:42 / All) WilliamHnutsack: GG
(31:50 / All) Fo0: thank god...
(31:54 / All) channelc0ckcove: lol we win even tho i backstab all game xD
(31:58 / All) Fo0: red
(33:31 / All) WilliamHnutsack: GG
(33:35 / All) channelc0ckcove: gg
(33:39 / All) WilliamHnutsack: welcome to highperch
(33:43 / All) WilliamHnutsack: enjoy your stay
(34:06 / Allies) holy_cresent: lol u planning to wait here for them to quit?
(34:10 / Allies) WilliamHnutsack: no
(34:13 / Allies) WilliamHnutsack: it gets better
(34:15 / Allies) holy_cresent: then?
(34:17 / Allies) WilliamHnutsack: they can never get up here
(34:18 / Allies) WilliamHnutsack: since
(34:19 / Allies) WilliamHnutsack: no gold
(34:23 / Allies) WilliamHnutsack: and i jsut tuant them to death
(34:28 / Allies) holy_cresent: dots
(34:33 / Allies) WilliamHnutsack: so
(34:36 / Allies) WilliamHnutsack: i got hawks
(34:49 / All) channelc0ckcove: om.g
(35:04 / All) Fo0: is there anyway i can just get u to leave blue lol?
(35:18 / All) holy_cresent: even he leave no use
(35:21 / Allies) WilliamHnutsack: they think its blue
(35:22 / Allies) WilliamHnutsack: lol
(35:27 / Allies) holy_cresent: lol
(35:28 / All) Fo0: im really going to kill myself
(35:31 / All) Fo0: jesus fucking christ
(35:35 / All) WilliamHnutsack: do it
(35:37 / All) WilliamHnutsack: pussy
(35:42 / All) channelc0ckcove: guys please leave we obviously won this
(37:05 / Allies) holy_cresent: this is funny sia
(37:29 / All) channelc0ckcove: hmmm where u guys hide buildilngs
(37:35 / All) WilliamHnutsack: our ne
(37:37 / All) WilliamHnutsack: his trees
(37:42 / All) channelc0ckcove: ah
(37:42 / All) WilliamHnutsack: he hid them
(37:49 / All) channelc0ckcove: why diddnt i think of that
(37:54 / Allies) WilliamHnutsack: run blue
(38:11 / All) WilliamHnutsack: gg orange
(38:35 / All) WilliamHnutsack: hahaha good strat orange
(38:39 / All) WilliamHnutsack: the trail of tears
(38:43 / All) TUG_Wolfie: THEY HAD NO ? NE
(38:49 / All) WilliamHnutsack: we had an NE
(38:56 / All) WilliamHnutsack: he hid tree in forestof wonders
(38:58 / All) Fo0: ahhhaah omfg imuna kill myselof
(39:07 / All) holy_cresent: lol
(39:08 / All) channelc0ckcove: brb pizza man here
(39:10 / All) WilliamHnutsack: brbr pizza
(39:15 / All) WilliamHnutsack: manner pelas enad pause for pizza
(39:19 / All) holy_cresent: lets all afk let them find
(39:27 / Allies) WilliamHnutsack: i want him to mine the gokld
(39:28 / Allies) WilliamHnutsack: blue
(39:30 / All) channelc0ckcove: im watching this like its pay perview
(39:31 / Allies) WilliamHnutsack: so they ahve nuthing
(39:36 / Allies) WilliamHnutsack: nlue
(39:37 / Allies) WilliamHnutsack: stop
(40:36 / All) Fo0: so howd u guys manage to be on the same team if ur in the same place?
(40:55 / All) WilliamHnutsack: we hacked battle net back in 96
(41:01 / All) WilliamHnutsack: im john galt the famouse bnet hacker
(41:05 / All) WilliamHnutsack: hacked wc2
(41:09 / All) WilliamHnutsack: bnet edition
(41:17 / All) Fo0: bet u sucked alota dick to
(41:20 / All) Fo0: had to of
(41:26 / All) WilliamHnutsack: had more pussy den you
(41:26 / All) TUG_Wolfie: THIS IS SO GAY
(41:32 / All) Fo0: yep im sure
(41:36 / All) WilliamHnutsack: yup
(41:42 / All) Fo0: u spend hours of time
(41:46 / All) Fo0: towering in warcraft 3
(41:51 / All) TUG_Wolfie: IM going to e a snitch and send this game to bnet
(41:53 / All) Fo0: .... your proly some fat ass mother fucker... w/ no life
(41:58 / All) Fo0: im guna fuck his mom
(42:00 / All) Fo0: thats wha imuna do
(42:04 / All) WilliamHnutsack: report me orange
(42:05 / All) Fo0: stick my dick right in her mouth
(42:07 / All) channelc0ckcove: pink plz dont say that
(42:10 / All) WilliamHnutsack: they do nuthing
(42:11 / All) channelc0ckcove: u burn in hell for this talk
(42:15 / All) channelc0ckcove: just like this
(42:22 / All) WilliamHnutsack: tell them john galt lives for no man
(42:25 / All) WilliamHnutsack: but himself
(42:37 / Allies) holy_cresent: lol
(42:37 / All) Fo0: wow i really dont even care what happens
(42:39 / All) Fo0: hope u win red
(42:42 / All) TUG_Wolfie: he could win it for us
(42:46 / All) TUG_Wolfie: same here
(42:46 / All) WilliamHnutsack: ayn rand and john galt famouse world class hackers of 96
(42:59 / All) WilliamHnutsack: hack warcraft 2 b net edition
(43:32 / All) WilliamHnutsack: nice main orange
(43:57 / All) WilliamHnutsack: you guys shouldnt have tked ur human
(44:00 / All) WilliamHnutsack: u could have hawks
(44:02 / All) WilliamHnutsack: right now
(44:08 / All) TUG_Wolfie: he didnt build anything whole game
(44:08 / All) WilliamHnutsack: and kill towers
(44:10 / All) TUG_Wolfie: just kill us
(44:11 / All) Fo0: i really dont even care lol
(44:16 / All) Fo0: im leaving in 10 mins so hopefuly red beats u
(44:37 / All) channelc0ckcove: pizza not done for 15 mins
(45:15 / All) Fo0: what bats
(45:23 / All) WilliamHnutsack: what bats indeed
(45:26 / All) holy_cresent: LOL NICE
(45:28 / All) Fo0: mmhmm
(45:39 / Allies) WilliamHnutsack: whats bats precious
(45:57 / All) WilliamHnutsack: so pink dont kill yourself
(46:00 / All) WilliamHnutsack: its jsut a game
(46:09 / All) WilliamHnutsack: if you need help dont talk to me
(46:17 / All) WilliamHnutsack: im not here for you
(46:54 / All) channelc0ckcove: blue
(46:58 / All) channelc0ckcove: whats point of sky tauren
(47:03 / Allies) kitvr6: wat would happened
(47:08 / All) WilliamHnutsack: they transcending to outer space
(47:10 / All) WilliamHnutsack: to find
(47:13 / All) WilliamHnutsack: another race
(47:25 / All) WilliamHnutsack: space murloc
(47:26 / All) channelc0ckcove: the great big tauren in the sky
(47:33 / All) WilliamHnutsack: the great totem in da sky
(47:43 / All) WilliamHnutsack: the 2 totems of creation
(47:55 / All) WilliamHnutsack: a plane just hit the second totem!
(48:00 / All) channelc0ckcove: taruen beleif that the sun was the origonil healing ward
(48:22 / All) Fo0: all i wanna know is how u got up there?
(48:24 / All) Fo0: w/ no ziplines
(48:27 / All) WilliamHnutsack: hacks dude
(48:30 / All) Fo0: arnt ziplines the only air carriers in ft?
(48:31 / All) WilliamHnutsack: im really john galt
(48:34 / All) WilliamHnutsack: the hacker
(49:09 / All) WilliamHnutsack: orange cum get me
(49:15 / All) WilliamHnutsack: ur not fun
(49:23 / All) channelc0ckcove: kk brb gotta check pizza
(49:28 / Allies) WilliamHnutsack: ahahha
(49:44 / All) channelc0ckcove: orange
(49:47 / All) channelc0ckcove: u have 6 on goldmine
(49:51 / All) channelc0ckcove: and ur 1 food into high upkeep
(50:45 / All) TUG_Wolfie: what ever
(50:47 / All) TUG_Wolfie: gg
(50:50 / All) channelc0ckcove: g
(50:52 / All) WilliamHnutsack: dont cry noob
(50:53 / All) channelc0ckcove: g
(50:57 / All) WilliamHnutsack: noo nooby no cry
(51:01 / All) WilliamHnutsack: no noob no cry
(52:12 / Allies) kitvr6: wat happened now?
(52:22 / All) Fo0: aye but howd u get up there?
(52:27 / All) Fo0: thats all i wanna know an ill leave
(52:28 / All) WilliamHnutsack: hacks
(52:36 / All) Fo0: or else imuna just lay down an go to bed and leave wc on
(52:38 / All) holy_cresent: lol i know
(52:46 / All) holy_cresent: but wont say
(53:02 / All) Fo0: human have some sorta mini building thing from shop don tthey?
(53:08 / All) WilliamHnutsack: yes
(53:36 / All) Fo0: OOOOOOOOOOOOOO
(53:38 / All) Fo0: tricky
(53:40 / All) holy_cresent: lol u still haven figured how he get up
(53:46 / All) Fo0: nah 
(53:56 / All) Fo0: staff of sancturauruaurry
(54:00 / All) Fo0: woowoowooooowoooooowoooowoo
(54:22 / All) Fo0: yeah nevermind i have no idea
(54:22 / All) Fo0: how?
(54:26 / All) holy_cresent: ok i will go eat dinner
(54:31 / All) holy_cresent: lol
(54:40 / All) Fo0: i just wanna know lol
(54:41 / All) holy_cresent: first time i see this method
(54:44 / Allies) holy_cresent: lol
(54:46 / All) holy_cresent: lol
(54:48 / All) Fo0: i can go to bed and just let u guys play for a good 30 minutes
(54:49 / All) holy_cresent: so funny
(54:52 / All) Fo0: or u could just let me know and ill leave lol
(55:02 / All) holy_cresent: lol me go eat
(55:06 / All) WilliamHnutsack: visit highper.ch for more replays :3
(55:21 / All) holy_cresent: lol
(55:38 / All) holy_cresent: yellow ur madness........this kinda idea also have
(55:51 / All) holy_cresent: at first i was wondering wad u doing
(55:55 / All) holy_cresent: so weird
(55:58 / Allies) kitvr6: me 2
(56:07 / All) Fo0: fuck it im just guna save replay forgot u can do that
(56:08 / All) holy_cresent: then when i see u build town hall there i know le
(56:13 / All) Fo0: wow spent an unessasary 10 mins on this
(56:14 / All) WilliamHnutsack: LOL'
(56:25 / All) holy_cresent: lol we own
(56:29 / All) channelc0ckcove: gg
(57:32 / All) holy_cresent: eh i leave le
(57:40 / All) holy_cresent: yellow tks for winning the game
(57:42 / All) holy_cresent: lolz
(57:45 / All) channelc0ckcove: if u leave
(57:45 / All) holy_cresent: nice method
(57:46 / All) channelc0ckcove: u lose xD
(57:58 / All) holy_cresent: lol
(58:01 / All) holy_cresent: its ok
(58:10 / All) holy_cresent: this is my other acc just started
(58:13 / All) holy_cresent: this first acc
(58:23 / All) holy_cresent: hehe
(58:38 / Allies) kitvr6: sup now
(58:42 / Allies) kitvr6: yellow
(58:52 / Allies) kitvr6: r u fucking with red
(59:17 / All) holy_cresent: kk see u guys.............
(59:34 / All) channelc0ckcove: hope not
(60:37 / All) channelc0ckcove: lol im gonna win
(60:41 / All) channelc0ckcove: enjoy ur loss bleu
(62:46 / All) channelc0ckcove: hah blue
(62:50 / All) channelc0ckcove: u think u can win eh
(63:17 / All) kitvr6: no i dont realy care
(63:25 / All) channelc0ckcove: i hope not
(63:27 / Allies) kitvr6: just wanna see wat would happen
(70:15 / All) channelc0ckcove: 2ez